 Dungeon Crawl Stone Soup version 0.31-a0-1206-g41278d8d1d (webtiles) character file.

Game seed: 11697473515418279265

236 ketsa the Cudgeller (level 5, -1/31 (39) HPs)
             Began as an Armataur Warper on Dec 13, 2023.
             Slain by Edmund
             ... wielding a +2 flail of draining
              (9 damage)
             ... on level 3 of the Dungeon.
             The game lasted 00:13:16 (2946 turns).

ketsa the Cudgeller (Armataur Warper)               Turns: 2946, Time: 00:13:16

HP:   -1/31 (39)    AC:  7    Str: 18    XL:     5   Next: 77%
MP:   7/7           EV:  8    Int: 14    God:
Gold: 139           SH:  0    Dex:  9    Spells: 5/7 levels left

rFire   . . .        t - +3 whip
rCold   . . .        (no shield)
rNeg    . . .        u - +0 ring mail
rPois   .            (no helmet)
rElec   .            (no cloak)
rCorr   .            i - +0 pair of gloves
SInv    .            (no barding)
Will    .....        (no amulet) Stlth
                     (no ring)
HPRegen 0.25/turn    (no ring)
MPRegen 0.10/turn

%: roll
@: heavily drained
A: large, deformed body, tough skin 3, armoured tail, roll 1, long tongue
a: no special abilities


You were on level 3 of the Dungeon.
You visited 1 branch of the dungeon, and saw 4 of its levels.

You collected 139 gold pieces.

Inventory:

Hand Weapons
 a - a +0 mace
 l - a +0 whip
 t - a +3 whip (weapon)
 B - a +0 orcbow
Missiles
 d - 6 darts of dispersal
 f - 21 stones (quivered)
 o - a throwing net
 q - 5 poisoned darts
Armour
 b - a +0 leather armour
 c - a +0 scale mail
 i - a +0 pair of gloves (worn)
 u - a +0 ring mail (worn)
 y - a +0 scale mail
Talismans
 w - a flux talisman
Scrolls
 e - a scroll of poison
 g - a scroll of enchant armour {unknown}
 k - a scroll of vulnerability {unknown}
 m - a scroll of immolation {unknown}
 n - a scroll of amnesia {unknown}
 r - 5 scrolls of teleportation {unknown}
 s - a scroll of fog {unknown}
 v - a scroll of enchant weapon {unknown}
Potions
 h - a potion of cancellation
 p - a potion of lignification
 x - a potion of resistance
 z - a potion of brilliance
 A - a potion of ambrosia {unknown}


   Skills:
 + Level 2.4 Fighting
 * Level 4.9 Maces & Flails
 - Level 0.8 Throwing
 + Level 2.5 Armour
 - Level 1.3 Dodging
 - Level 1.7 Spellcasting
 - Level 3.0 Translocations


You had 5 spell levels left.
You knew the following spells:

 Your Spells              Type           Power      Damage    Failure   Level
a - Blink                 Tloc           18%        N/A       19%         2

Your spell library contained the following spells:

 Spells                   Type           Power      Damage    Failure   Level
 Lesser Beckoning         Tloc           18%        N/A       19%         2
 Teleport Other           Tloc           9%         N/A       36%         3
 Poisonous Vapours        Pois/Air       2%         N/A       54%         2
 Manifold Assault         Tloc           9%         N/A       77%         4
 Vhi's Electric Charge    Tloc/Air       10%        N/A       92%         4
 Silence                  Hex/Air        0%         N/A       100%        5
 Yara's Violent Unravell  Hex/Tmut       0%         3d3       100%        5


Dungeon Overview and Level Annotations

Branches:
Dungeon (4/15)
 Temple: D:4-7

Altars:

Annotations:
D:3 Edmund


Innate Abilities, Weirdness & Mutations

Armour fits poorly on your strangely shaped body.
You have extremely tough skin. (AC +3)
You have a long armoured tail.
You roll when moving toward enemies. (Rampage)
Your long tongue fully drains potion bottles. (2x potion effects)


Message History

As you read the scroll of identify, it crumbles to dust.
C - a potion of curing
As you read the scroll of identify, it crumbles to dust.
z - a potion of brilliance
There is a stone staircase leading down here.
You climb downwards.
You hear the sound of rushing water.
There is an entrance to a sewer on this level.
Hurry and find it before the portal rusts away!
Level annotation: Edmund You hear the rusting of a distant drain.
Edmund shouts!
Edmund hits you with a +2 flail of draining!
You feel drained.
Edmund hits you with a +2 flail of draining!
You feel drained.
There is a stone staircase leading up, spattered with blood here.
The air fills with toxic fumes!
As you read the scroll labelled XUERUT SIOXOE, it crumbles to dust.
It was a scroll of poison.
Edmund hits you with a +2 flail of draining!
* * * LOW HITPOINT WARNING * * *
You feel drained.
* * * LOW HITPOINT WARNING * * *
You feel better.
You slurp down every last drop of the potion of curing!
Edmund barely misses you.
Edmund hits you with a +2 flail of draining.
You feel drained.
You climb upwards.
There is a stone staircase leading down here.
Edmund attacks as he pursues you!
Edmund hits you with a +2 flail of draining!
You feel drained.
* * * LOW HITPOINT WARNING * * *
You barely miss Edmund. You hit Edmund but do no damage. You tail-slap Edmund.
Edmund is lightly wounded.
Edmund hits you with a +2 flail of draining!
You die...
Edmund says, "That'll show my brother!"

#.....#####............# #.#
#......>.............##########.#
#.....######..........###...).#..
#.....# #........#..<.........
#.....# ##........#..##........
####### ##..>....####.##......#.
##.........##..........##
#......@....#...........#
##.......@.....###.....#..
##............### #........
#..#.....[...## #........
#.###...#...## ##.....#<.
#รท####.###..# #..#.###..
##...........## #.##.# #.#
#.......####..### #....###.#
#...............###........#
##...........##.##....)....#


You could see Edmund.

Vanquished Creatures
  A centaur (D:4)
  3 gnolls
  4 adders
  A worm (D:3)
  5 dart slugs
  9 orcs
  7 endoplasms
  2 giant cockroaches
  3 goblins
  3 hobgoblins
  8 jackals
  3 quokkas
  8 ball pythons
  4 bats
  6 kobolds
  3 rats
70 creatures vanquished.

Notes
Turn   | Place    | Note
-------+----------+-------------------------------------------
     0 | D:1      | ketsa the Armataur Warper began the quest for the Orb.
     0 | D:1      | Reached XP level 1. HP: 16/16 MP: 3/3
   185 | D:1      | Reached skill level 2 in Maces & Flails
   333 | D:1      | Reached XP level 2. HP: 19/22 MP: 4/4
   342 | D:1      | HP: 1/22 [hobgoblin (1)]
   541 | D:1      | Reached skill level 3 in Maces & Flails
   886 | D:1      | Reached XP level 3. HP: 6/27 MP: 5/5
  1713 | D:2      | Reached skill level 4 in Maces & Flails
  1713 | D:2      | Reached XP level 4. HP: 30/33 MP: 6/6
  1794 | D:2      | Learned a level 2 spell: Blink
  2453 | D:3      | Reached XP level 5. HP: 33/38 MP: 7/7
  2738 | D:4      | Got the Lessons on Green Charms
  2750 | D:4      | Noticed a centaur
  2760 | D:4      | Killed a centaur
  2877 | D:4      | Noticed Edmund
  2920 | D:4      | Noticed a phantom
  2946 | D:3      | Slain by Edmund

Illustrated notes

Levels and vault maps discovered:
D:1:      dpeg_arrival_arbitrary_c, layout_basic
D:2:      layout_rooms
D:3:      layout_rooms, skrybe_limestone_x, minmay_distorted
D:4:      layout_cave_pools, mainiacjoe_overflow_brackets,
          nicolae_uskayaw_en_pointe, portal_sewer_entry_a, minmay_manual_mail,
          uniq_edmund

Skill      XL: |  1  2  3  4  5 |
---------------+----------------+-----
Maces & Flails | 2 3 4 |  4.9
Fighting       | 2 |  2.4
Armour         | 2 |  2.5
Throwing       | |  0.8
Dodging        | |  1.3
Spellcasting   | |  1.7
Translocations | |  3.0

Action                     |  1- 3 |  4- 6 || total
---------------------------+-------+-------++-------
  Melee: Mace              |    93 |       ||    93
         Tailslap          |    12 |    13 ||    25
         Punch             |     3 |     2 ||     5
         Whip              |    15 |   120 ||   135
  Throw: Stone             |     3 |       ||     3
         Dart              |     1 |       ||     1
    Use: Scroll            |     1 |     6 ||     7
         Potion            |       |     1 ||     1
 Armour: Leather armour    |    96 |     8 ||   104
         Ring mail         |       |    88 ||    88
  Dodge: Dodged            |    60 |    57 ||   117

Table legend: (Time is in decaauts)
 A = Elapsed time spent in this place.
 B = Non-inter-level travel time spent in this place.
 C = Inter-level travel time spent in this place.
 D = Time resting spent in this place.
 E = Time spent auto-exploring this place.
 F = Levels seen in this place.
 G = Mean time per level.
                   A        B        C        D        E       F      G
               +--------+--------+--------+--------+--------+-----+--------+
         Total |   2958 |   2787 |    171 |    636 |   1234 |   4 |  739.5 |
       Dungeon |   2958 |   2787 |    171 |    636 |   1234 |   4 |  739.5 |
               +--------+--------+--------+--------+--------+-----+--------+

Top non-repeatable levels by time:
     D:1: 1178 daAuts
     D:2: 842 daAuts
     D:3: 754 daAuts
     D:4: 182 daAuts
